Map: Shrines of Lizul

Players

MonstroTown - Winner!

  • Race: Terran Terran
  • Spawn Location: 12:00

Michael - Winner!

  • Race: Zerg Zerg
  • League: Gold
  • Spawn Location: 3:00

zzz

  • Race: Zerg Zerg
  • League: Platinum
  • Spawn Location: 9:00

Rato

  • Race: Zerg Zerg
  • League: Platinum
  • Spawn Location: 6:00

VOD

Have the link to the VOD?

Description

Time

  • Played on: Sept. 16, 2018, 1:34 p.m.
  • Length: 6:10
Show
View Real Time Build Order
Export as new Build Order

MonstroTown Terran - Winner!

Build Orders:  

Get SALT Encoding   

  12  0:01  SCV  
  13  0:13  SCV  
  14  0:18  Supply Depot  
  14  0:25  SCV  
  15  0:40  SCV  
  15  0:42  Barracks  
  16  0:52  SCV  
  16  0:55  Barracks  
  17  1:04  SCV  
  17  1:07  Supply Depot  
  18  1:19  Barracks  
  18  1:22  SCV  
  19  1:29  Marine  
  20  1:43  Marine  
  20  1:45  Barracks  
  21  1:47  Marine  
  22  2:01  Marine  
  22  2:05  Marine  
  22  2:06  Marine  
  25  2:16  Orbital Command  
  25  2:19  Marine  
  26  2:23  Supply Depot, Marine  
  26  2:26  Marine  
  28  2:37  Marine  
  27  2:38  Marine  
  29  2:53  Marine x2  
  29  2:54  Marine  
  31  3:00  SCV  
  32  3:06  Marine  
  33  3:14  Marine x3  
  34  3:31  Marine  
  34  3:32  Marine  
  34  3:33  Command Center  
  36  3:36  Marine x2  
  38  3:49  Marine  
  38  4:05  Supply Depot  
  38  4:07  Supply Depot, Refinery  
  38  4:09  Refinery  
  38  4:23  Supply Depot  
  38  4:27  Marine  
  38  4:29  Marine x3  
  42  4:34  Bunker  
  42  4:44  Marine  
  43  4:47  Marine x2  
  43  4:52  Orbital Command  
  45  4:59  SCV  
  46  5:04  Barracks Tech Lab  
  46  5:10  Factory  
  46  5:11  SCV  
  46  5:12  Supply Depot  
  47  5:23  Marine x2  
  49  5:29  Marine  
  49  5:30  Marauder  
  52  5:41  Marine  
Show
View Real Time Build Order
Export as new Build Order

Michael Zerg - Winner!

Build Orders: Pool First 

Get SALT Encoding   

  12  0:00  Drone  
  13  0:08  Drone  
  14  0:17  Overlord  
  14  0:35  Drone x3  
  17  0:44  Extractor  
  17  0:46  Drone  
  17  0:51  Spawning Pool  
  16  0:57  Drone  
  17  1:08  Drone  
  18  1:27  Hatchery  
  17  1:38  Queen  
  19  1:46  Zergling x4  
  21  1:47  Zergling x2  
  23  1:56  Spine Crawler  
  23  1:58  Zergling x2, Spine Crawler  
  17  2:27  Zergling x4  
  19  2:36  Zergling x2  
  18  2:40  Zergling x2  
  17  2:54  Spine Crawler  
  16  3:03  Roach Warren  
  14  3:06  Queen  
  16  3:20  Spine Crawler  
  16  3:24  Drone  
  16  3:30  Drone  
  17  3:36  Drone  
  17  3:41  Drone  
  19  3:49  Roach  
  21  4:08  Metabolic Boost  
  21  4:12  Lair  
  21  4:24  Overlord  
  20  4:32  Roach  
  20  4:33  Roach  
  20  4:39  Roach  
  20  4:44  Drone  
  23  4:49  Drone  
  24  4:57  Drone  
  25  5:19  Hatchery  
  24  5:26  Drone x2  
  26  5:30  Zergling x2  
  26  5:33  Zergling x2  
  28  5:38  Zergling x2  
Show
View Real Time Build Order
Export as new Build Order

zzz Zerg 

Build Orders: Pool First 

Get SALT Encoding   

  12  0:19  Spawning Pool  
  11  0:23  Drone  
  12  0:28  Extractor  
  12  0:30  Drone  
  12  0:41  Drone x2  
  14  0:54  Overlord  
  14  1:12  Queen, Zergling x2  
  14  1:15  Zergling x2  
  18  1:22  Zergling x2  
  19  1:29  Zergling x2  
  20  1:36  Metabolic Boost  
  20  1:39  Zergling x2  
  21  1:49  Zergling x2  
  22  2:06  Overlord  
  22  2:10  Baneling Nest  
  19  2:34  Zergling x10  
  22  2:45  Zergling x2  
  23  2:58  Zergling x2  
  23  3:05  Zergling x2  
  22  3:17  Zergling x2  
  20  3:21  Baneling  
  20  3:22  Baneling x3  
  20  3:26  Drone  
  21  3:33  Zergling x6  
  23  3:53  Zergling x4  
  21  4:11  Zergling x6  
  24  4:18  Drone  
  21  4:46  Drone x3  
  21  4:47  Roach Warren  
  19  5:00  Drone  
  19  5:01  Drone  
  21  5:10  Drone, Hatchery  
  21  5:20  Drone  
  21  5:21  Drone  
  23  5:24  Drone x2  
  25  5:42  Roach x2  
  29  5:50  Overlord  
Show
View Real Time Build Order
Export as new Build Order

Rato Zerg 

Build Orders: Pool Only 

Get SALT Encoding   

  12  0:21  Spawning Pool  
  11  0:22  Extractor  
  11  0:26  Drone  
  11  0:30  Drone  
  11  0:34  Drone  
  13  0:48  Overlord  
  13  1:10  Zergling x4  
  13  1:11  Zergling x2  
  16  1:25  Metabolic Boost  
  16  1:26  Queen  
  18  1:40  Zergling x2  
  18  1:41  Zergling x2  
  18  1:43  Zergling x2  
  21  2:14  Zergling x2, Baneling Nest  
  19  2:38  Zergling x4  
  19  2:40  Overlord  
  17  2:58  Zergling x6  
  19  3:08  Zergling x2  
  20  3:19  Zergling x6  
  22  3:34  Zergling x4  
  24  3:54  Zergling x2  
  24  3:55  Zergling x6  
  20  4:20  Drone x2  
  20  4:21  Drone  
  20  4:22  Roach Warren  
  16  4:53  Drone x4  
  16  4:58  Extractor  
  19  5:05  Roach x2  
  23  5:16  Roach x2  
  23  5:17  Roach  
  23  5:19  Overlord  
  29  5:40  Drone x2  
Tags
 
Add a new tag
Caveats
  • Supply blocks, unpowered buildings, or Contaminate may cause inaccurate times.
  • Supply counts are checked every 10 seconds.